 Dungeon Crawl Stone Soup version 0.32-a0-933-ga8fa3634e4 (webtiles) character file.

Game seed: 17167392947711234312

1834 D0namaru the Purveyor of Pain (level 8, -6/51 (52) HPs)
             Began as a Demonspawn Necromancer on Apr 14, 2024.
             Was an Initiate of Kikubaaqudgha.
             Mangled by Joseph
             ... wielding a +2 antimagic quarterstaff
              (11 damage)
             ... on level 7 of the Dungeon.
             The game lasted 00:10:16 (5561 turns).

D0namaru the Purveyor of Pain (DsNe)                Turns: 5561, Time: 00:10:16

HP:   -6/51 (52)    AC: 15    Str:  8    XL:     8   Next: 87%
MP:   0/19          EV: 12    Int: 18    God:    Kikubaaqudgha [......]
Gold: 430           SH:  0    Dex: 14    Spells: 8/21 levels left

rFire   + . .        H - +1 hammer (protect)
rCold   . . .        (no shield)
rNeg    . . .        a - +1 robe
rPois   .            p - +0 helmet
rElec   .            (no cloak)
rCorr   .            c - +0 pair of gloves
SInv    .            u - +0 pair of boots
Will    +....        (no amulet)
Stlth   ++           F - ring of protection from fire
HPRegen 0.28/turn    z - ring of willpower
MPRegen 0.32/turn

%: guardian spirit
@: mighty, under a protective aura, lightly drained
A: molten scales 1, powered by pain 1, magic shield, magic regeneration,
weakness stinger 2
a: Renounce Religion


You were on level 7 of the Dungeon.
You worshipped Kikubaaqudgha.
Kikubaaqudgha was noncommittal.
You visited 2 branches of the dungeon, and saw 8 of its levels.

You collected 430 gold pieces.

Inventory:

Hand Weapons
 k - a +2 dagger of venom
 H - a +1 hammer of protection (weapon)
Missiles
 l - 10 curare-tipped darts
 m - 3 javelins
 D - 4 silver javelins
 Q - 58 stones
Armour
 a - a +1 robe (worn)
 c - a +0 pair of gloves (worn)
 p - a +0 helmet (worn)
 u - a +0 pair of boots (worn)
 E - a +0 cloak
Jewellery
 z - a ring of willpower (right hand)
 F - a ring of protection from fire (left hand)
Wands
 o - a wand of polymorph (3)
 x - a wand of roots (12)
Scrolls
 e - 2 scrolls of fear
 h - a scroll of vulnerability {!r!r}
 i - 5 scrolls of identify
 q - a scroll of enchant armour
 t - a scroll of teleportation
 y - a scroll of acquirement {unknown}
Potions
 b - a potion of magic
 d - 4 potions of curing
 f - 2 potions of might {unknown}
 j - a potion of brilliance {unknown}
 n - a potion of heal wounds
 r - a potion of enlightenment {unknown}
 s - a potion of lignification {!q}
 v - a potion of ambrosia {unknown}
 w - a potion of invisibility {unknown}
 B - a potion of degeneration {unknown}
 C - a potion of haste {unknown}


   Skills:
 + Level 3.5 Dodging
 - Level 1.7 Stealth
 + Level 7.4 Spellcasting
 + Level 9.6 Necromancy


You had 8 spell levels left.
You knew the following spells:

 Your Spells              Type           Power      Damage    Failure   Level
a - Necrotise             Necr           100%       1d9       1%          1
b - Curse of Agony        Necr           41%        N/A       5%          5
x - Vampiric Draining     Necr           41%        2d8       1%          3
A - Animate Dead          Necr           41%        N/A       1%          4

Your spell library contained the following spells:

 Spells                   Type           Power      Damage    Failure   Level
 Cigotuvi's Dreadful Rot  Necr/Alch/Air  36%        N/A       4%          2
 Tukima's Dance           Hex            6%         N/A       30%         3
 Dimensional Bullseye     Hex/Tloc       3%         N/A       71%         4
 Ignite Poison            Fire/Alch      6%         N/A       71%         4
 Iskenderun's Mystic Bla Conj/Tloc 6%             2d4        (+2d1     71%         4
 Freezing Cloud           Conj/Ice/Air   3%         6-21      96%         5


Dungeon Overview and Level Annotations

Branches:
Dungeon (7/15)             Temple (1/1) D:4

Altars:
Cheibriados
Dithmenos
Fedhas
Gozag
Hepliaklqana
Kikubaaqudgha
Makhleb
Nemelex Xobeh
Okawaru
Qazlal
Ru
Sif Muna
Trog
Vehumet
Xom
Yredelemnul

Shops:
D:5 :

Annotations:
D:4 3 runed translucent doors, Menkaure; gosagan's ghost, novice OpRe
D:7 Dowan; Duvessa; Joseph


Innate Abilities, Weirdness & Mutations

You are partially covered in molten scales. (AC +2)
You sometimes gain a little power by taking damage.
When hurt, damage is shared between your health and your magic reserves.
You regenerate magic rapidly.
You have a tail ending in a sharp stinger.


Message History

Joseph hits you with a +2 antimagic quarterstaff!
You feel your power leaking away.
You take 9 damage, and have 29/51 hp.
You now have 0/19 mp.
Magic courses through your body.
Joseph hits you with a +2 antimagic quarterstaff!
You feel your power leaking away.
You take 6 damage, and have 23/51 hp.
You regained 13 mp, and now have 13/19 mp.
Press: ? - help, Shift-Dir - straight line, f/p - Joseph
Aim: Joseph, wielding a +2 antimagic quarterstaff and wearing a +0 leather armour (moderately wounded)
You draw life force from Joseph!
You feel life coursing into your body!
Joseph says, "I've waited for this moment for such a long time."
Joseph hits you with a +2 antimagic quarterstaff!
You feel your power leaking away.
You regained 2 hp, and now have 25/51 hp.
You now have 6/19 mp.
Press: ? - help, Shift-Dir - straight line, f/p - Joseph
Aim: Joseph, wielding a +2 antimagic quarterstaff and wearing a +0 leather armour (heavily wounded)
You draw life force from Joseph!
You feel life coursing into your body.
Joseph hits you with a +2 antimagic quarterstaff!
You feel your power leaking away.
You take 9 damage, and have 16/51 hp.
You now have 0/19 mp.
Unknown command.
You don't have enough magic to cast this spell.
You sock Joseph!
Your weapon exudes an aura of protection.
Joseph hits you but does no damage.
Unknown command.
You sock Joseph!
Joseph hits you with a +2 antimagic quarterstaff.
You feel your power leaking away.
Joseph hits you with a +2 antimagic quarterstaff!
* * * LOW HITPOINT WARNING * * *
You take 11 damage, and have 5/51 hp.
MASSIVE DAMAGE!!
You now have 0/19 mp.
You closely miss Joseph.
Joseph hits you with a +2 antimagic quarterstaff!
You die...
Kikubaaqudgha rasps: You have failed me!
Welcome... death!

.. .# ## #.# #. .> .....
##. #.#. .. .. ... ... #.
#.# ...# ####.##@# #...
##.....@.#.....#
#........#.#...# #
#.........$#...#.#
#........#.#...#.# #
.########...##.#...@.e.
...............#.^.#e###
#.............#........
#..............<....#
############.#.##.#.#####.#


You could see Joseph.

Levels and vault maps discovered:
D:1:      erik_arrival_triangle_medium, layout_basic
D:2:      layout_loops_ring, minmay_pentomino_pile
D:3:      layout_rooms, uniq_jessica, uniq_ijyb
D:4:      layout_rooms, temple_fountains, ebering_ghost_gozag, serial_curves,
          eino_curves_03, eino_curves_02, eino_curves_02, uniq_menkaure
D:5:      layout_gridville, kennysheep_cross_bottleneck, nicolae_shop_vocational
D:6:      layout_basic, kiku_gazebo_garden_becter, uniq_crazy_yiuf_cottage
D:7:      layout_basic, nicolae_wu_jian_wuxing_cycle,
          kennysheep_generic_room_12, uniq_duvessa, uniq_maurice, uniq_joseph
Temple:   nicolae_temple_no_exploring_needed

Notes
Turn   | Place    | Note
-------+----------+-------------------------------------------
     0 | D:1      | D0namaru the Demonspawn Necromancer began the quest for the
                  | Orb.
     0 | D:1      | Reached XP level 1. HP: 13/13 MP: 3/3
    43 | D:1      | Identified a +0 dagger
    53 | D:1      | Identified a +0 club
   265 | D:1      | Identified a +0 dagger of draining
   271 | D:1      | Gained mutation: You sometimes gain a little power by
                  | taking damage. [demonic ancestry]
   271 | D:1      | Reached XP level 2. HP: 19/19 MP: 0/5
   382 | D:1      | Identified a +0 pair of gloves
   610 | D:1      | Identified a +0 dagger
   664 | D:2      | Identified a +0 pair of boots
   671 | D:2      | Identified a ring of protection from fire
   821 | D:2      | Identified a +2 dagger of venom
  1115 | D:2      | Identified a +0 whip
  1120 | D:2      | Identified a +0 club
  1121 | D:2      | Reached skill level 5 in Necromancy
  1121 | D:2      | Gained mutation: You are partially covered in molten
                  | scales. (AC +2) [demonic ancestry]
  1121 | D:2      | Reached XP level 3. HP: 18/24 MP: 4/7
  1121 | D:2      | Identified a +0 halberd
  1125 | D:2      | Reached skill level 3 in Spellcasting
  1126 | D:2      | Identified a +0 whip
  1225 | D:2      | Identified a +0 leather armour
  1268 | D:2      | Identified a +0 short sword
  1275 | D:2      | Gained mutation: You regenerate magic rapidly. [demonic
                  | ancestry]
  1275 | D:2      | Reached XP level 4. HP: 27/30 MP: 1/8
  1301 | D:2      | Identified a +0 short sword
  1354 | D:2      | Identified a +0 whip
  1428 | D:2      | Identified a +0 mace
  1428 | D:2      | Identified a +0 ring mail
  1488 | D:2      | Learned a level 3 spell: Vampiric Draining
  1513 | D:3      | Identified a +0 dagger
  1513 | D:3      | Identified a +2 leather armour of poison resistance
  1513 | D:3      | Noticed Ijyb
  1539 | D:2      | Identified a +0 robe
  1545 | D:2      | Killed Ijyb
  1620 | D:3      | Learned a level 4 spell: Animate Dead
  1622 | D:3      | Identified a +0 hand axe
  1622 | D:3      | Identified a +0 leather armour
  1673 | D:3      | Identified a +0 rapier
  1797 | D:3      | Identified a +0 club
  1824 | D:3      | Identified a +0 dagger
  1824 | D:3      | Identified a +1 robe of willpower
  1824 | D:3      | Noticed Jessica
  1831 | D:3      | Killed Jessica
  1899 | D:3      | Reached XP level 5. HP: 35/35 MP: 7/10
  2101 | D:4      | Identified a +0 whip
  2104 | D:4      | Identified a +1 heavy spear
  2104 | D:4      | Identified a +0 club
  2104 | D:4      | Identified a +0 leather armour
  2109 | D:4      | Identified a +0 spear
  2121 | D:4      | Reached skill level 6 in Necromancy
  2139 | D:4      | Reached skill level 4 in Spellcasting
  2297 | D:4      | Identified 4 scrolls of fear
  2298 | D:4      | Identified 3 scrolls of identify
  2298 | D:4      | Identified a potion of lignification
  2299 | D:4      | Identified a potion of heal wounds
  2300 | D:4      | Identified 3 potions of curing
  2301 | D:4      | Identified 2 scrolls of vulnerability
  2302 | D:4      | Identified a scroll of teleportation
  2303 | D:4      | Identified a scroll of noise
  2304 | D:4      | Identified a scroll of blinking
  2305 | D:4      | Identified a scroll of enchant armour
  2320 | D:4      | Identified a ring of willpower
  2327 | D:4      | Identified a +0 club
  2360 | D:4      | Identified a +0 robe
  2398 | D:4      | Identified a +0 short sword
  2461 | D:4      | Found a staircase to the Ecumenical Temple.
  2470 | Temple   | Entered the Ecumenical Temple
  2532 | D:4      | Identified a +0 helmet
  2585 | D:4      | Noticed Menkaure
  2719 | D:4      | Found a runed translucent gate.
  2719 | D:4      | Found a runed translucent gate.
  2719 | D:4      | Found a runed translucent gate.
  2719 | D:4      | Noticed gosagan's ghost (novice OpRe)
  2719 | D:4      | Noticed a phantom
  2719 | D:4      | Identified a +0 club
  2719 | D:4      | Identified a +0 sling
  2720 | D:4      | Found an opulent altar of Gozag.
  2720 | D:4      | Noticed a phantom
  2735 | D:5      | Entered Level 5 of the Dungeon
  2735 | D:5      | Noticed a phantom
  2888 | D:5      | Identified a +0 orcbow
  2888 | D:5      | Noticed a centaur
  2943 | D:5      | Killed a centaur
  2944 | D:5      | Gained mutation: When hurt, damage is shared between your
                  | health and your magic reserves. [demonic ancestry]
  2944 | D:5      | Reached XP level 6. HP: 41/41 MP: 2/12
  3011 | D:5      | Identified a +0 flail
  3011 | D:5      | Identified a +0 club
  3011 | D:5      | Identified a +0 leather armour
  3013 | D:5      | Identified a +0 hand axe
  3013 | D:5      | Identified a +0 leather armour
  3013 | D:5      | Identified a +0 hand axe
  3013 | D:5      | Identified a +0 club
  3086 | D:5      | Found Zoef's Vocational Training.
  3143 | D:5      | Identified a +0 dagger
  3143 | D:5      | Identified a +0 robe
  3143 | D:5      | Identified a +0 dagger
  3143 | D:5      | Identified a +0 robe
  3144 | D:5      | Identified a +0 war axe
  3144 | D:5      | Identified a +0 leather armour
  3144 | D:5      | Identified a +0 club
  3262 | D:5      | Reached skill level 5 in Spellcasting
  3262 | D:5      | Reached skill level 7 in Necromancy
  3403 | D:5      | Identified a +0 hand axe
  3403 | D:5      | Identified a +0 leather armour
  3429 | D:5      | Identified a +0 club
  3429 | D:5      | Identified a +0 robe
  3433 | D:5      | Gained mutation: You have a small tail. [demonic ancestry]
  3433 | D:5      | Reached XP level 7. HP: 46/46 MP: 10/14
  3433 | D:5      | Identified a +0 spear
  3435 | D:5      | Identified a +0 club
  3436 | D:5      | Identified a +0 halberd
  3850 | D:5      | Reached skill level 8 in Necromancy
  3999 | D:6      | Identified a +0 whip
  3999 | D:6      | Identified a +0 club
  4001 | D:6      | Identified a +0 club
  4001 | D:6      | Identified a +0 whip
  4001 | D:6      | Identified a +0 robe
  4010 | D:6      | Reached skill level 6 in Spellcasting
  4140 | D:6      | Identified a +0 whip
  4141 | D:6      | Identified a +0 dagger
  4142 | D:6      | Identified a +0 club
  4142 | D:6      | Identified a +0 short sword
  4152 | D:6      | Gained mutation: You have a tail ending in a sharp stinger.
                  | [demonic ancestry]
  4152 | D:6      | Reached XP level 8. HP: 45/52 MP: 7/17
  4203 | D:6      | Identified a +0 ring mail
  4223 | D:6      | Found an ancient bone altar of Kikubaaqudgha.
  4239 | D:6      | Identified a +0 dagger
  4239 | D:6      | Identified a +0 leather armour
  4242 | D:6      | Became a worshipper of Kikubaaqudgha
  4246 | D:6      | Identified a +0 dagger
  4246 | D:6      | Identified a +0 robe
  4246 | D:6      | Identified a +0 club
  4246 | D:6      | Identified a +0 dagger
  4246 | D:6      | Identified a +0 robe
  4372 | D:6      | Identified a +0 hammer
  4373 | D:6      | Identified a +1 hammer of protection
  4374 | D:6      | Identified a +0 hammer
  4375 | D:6      | Identified the +5 hammer of Glory {drain, Int-4 Dex+3 SInv}
  4377 | D:6      | Identified a +2 heavy hammer
  4379 | D:6      | Identified a +0 hammer
  4380 | D:6      | Identified a +0 hammer
  4449 | D:6      | Learned a level 5 spell: Curse of Agony
  4517 | D:6      | Reached skill level 2 in Dodging
  4517 | D:6      | Reached skill level 9 in Necromancy
  4667 | D:6      | Reached skill level 7 in Spellcasting
  5020 | D:6      | Reached skill level 3 in Dodging
  5160 | D:6      | Identified a +0 ring mail
  5171 | D:6      | Identified a +0 hammer
  5173 | D:6      | Found a runed translucent door.
  5174 | D:6      | Identified a +3 quarterstaff of chaos
  5174 | D:6      | Identified a +0 cloak
  5174 | D:6      | Noticed Crazy Yiuf
  5181 | D:6      | Killed Crazy Yiuf
  5187 | D:6      | Identified a +0 hammer
  5206 | D:6      | Identified a +0 hammer
  5245 | D:6      | Identified a +0 giant spiked club
  5380 | D:7      | Identified a +0 dagger
  5380 | D:7      | Identified a +0 robe
  5380 | D:7      | Noticed Dowan
  5380 | D:7      | Identified a +2 antimagic quarterstaff
  5380 | D:7      | Identified a +1 sling of draining
  5380 | D:7      | Identified a +0 leather armour
  5380 | D:7      | Noticed Joseph
  5381 | D:7      | Identified a +0 rapier
  5381 | D:7      | Identified a +3 leather armour of fire resistance
  5381 | D:7      | Noticed Duvessa
  5500 | D:7      | Identified a +0 whip
  5500 | D:7      | Identified a +0 leather armour
  5560 | D:7      | HP: 5/51 [Joseph/+2 antimagic quarterstaff (9)]
  5561 | D:7      | Mangled by Joseph

Table legend: (Time is in decaauts)
 A = Elapsed time spent in this place.
 B = Non-inter-level travel time spent in this place.
 C = Inter-level travel time spent in this place.
 D = Time resting spent in this place.
 E = Time spent auto-exploring this place.
 F = Levels seen in this place.
 G = Mean time per level.
                   A        B        C        D        E       F      G
               +--------+--------+--------+--------+--------+-----+--------+
         Total |   5560 |   5320 |    240 |    181 |   3892 |   8 |  695.0 |
       Dungeon |   5559 |   5319 |    240 |    181 |   3892 |   7 |  794.1 |
        Temple |      1 |      1 |      0 |      0 |      0 |   1 |    1.0 |
               +--------+--------+--------+--------+--------+-----+--------+

Top non-repeatable levels by time:
     D:6: 1476 daAuts
     D:5: 1057 daAuts
     D:2: 890 daAuts
     D:4: 834 daAuts
     D:1: 650 daAuts
     D:3: 519 daAuts
     D:7: 130 daAuts
  Temple: 1 daAuts

Table legend:
 A = Kills in this place as a percentage of kills in the entire game.
 B = Kills by you in this place as a percentage of kills by you in the entire game.
 C = Kills by friends in this place as a percentage of kills by friends in the entire game.
 D = Other kills in this place as a percentage of other kills in the entire game.
 E = Experience gained in this place as a percentage of experience gained in the entire game.
 F = Experience gained in this place divided by the number of levels of this place that you have seen.
                   A       B       C       D       E      F
               +-------+-------+-------+-------+-------+----------------------
         Total | 100.0 | 100.0 | 100.0 |   N/A | 100.0 | 327.5
       Dungeon | 100.0 | 100.0 | 100.0 |   N/A | 100.0 | 374.3
               +-------+-------+-------+-------+-------+----------------------

Skill      XL: |  1  2  3  4  5  6  7  8 |
---------------+-------------------------+-----
Necromancy     | 5 6 7 8 9 |  9.6
Spellcasting   | 3 4 5 6 7 |  7.4
Dodging        | 3 |  3.5
Stealth        | |  1.7

Action                     |  1- 3 |  4- 6 |  7- 9 || total
---------------------------+-------+-------+-------++-------
  Melee: Dagger            |    17 |    82 |    81 ||   180
         Unarmed           |     3 |     7 |       ||    10
         Tailslap          |       |       |    18 ||    18
         Mace              |       |       |     6 ||     6
   Cast: Necrotise         |    48 |    79 |    75 ||   202
         Vampiric Draining |       |    14 |    35 ||    49
         Animate Dead      |       |     1 |       ||     1
    Use: Scroll            |       |    10 |     1 ||    11
         Potion            |       |       |     1 ||     1
   Stab: Distracted        |     1 |       |       ||     1
         Sleeping          |       |     1 |       ||     1
 Armour: Robe              |    23 |    95 |   163 ||   281
         Skin              |       |     5 |       ||     5
  Dodge: Dodged            |    20 |    69 |   118 ||   207

Vanquished Creatures
  A wyvern (D:6)
  A water moccasin (D:6)
  An ice beast (D:6)
  An ogre (D:6)
  A black bear (D:5)
  A centaur (D:5)
  3 phantoms
  A kobold brigand (D:6)
  2 scorpions
  A howler monkey (D:6)
  3 bombardier beetles
  2 hounds (D:6)
  A jelly (D:6)
  An orc priest (D:6)
  Crazy Yiuf (D:6)
  4 gnoll boudas
  Jessica (D:3)
  Ijyb (D:2)
  An iguana (D:5)
  4 orc wizards
  6 adders
  13 gnolls
  A white imp (D:6)
  2 ufetubi (D:6)
  3 ribbon worms
  5 dart slugs
  10 orcs
  A ball python (D:2)
  3 endoplasms
  3 giant cockroaches
  6 goblins
  4 hobgoblins
  3 jackals
  2 quokkas
  2 bats (D:1)
  3 frilled lizards
  7 kobolds
  4 rats
110 creatures vanquished.

Vanquished Creatures (collateral kills)
  A bat (D:3)
1 creature vanquished.

Vanquished Creatures (others)
  4 orc zombies (D:5)
4 creatures vanquished.

Grand Total: 115 creatures vanquished
